 Dungeon Crawl Stone Soup version 0.29-a0-338-g1ff7896281 (webtiles) character file.

Game seed: 4085375681795458436

42 zishaf the Gusty (level 3, -1/20 HPs)
             Began as a Tengu Air Elementalist on Apr 18, 2022.
             Killed by their own static electricity (3 damage)
             ... on level 2 of the Dungeon.
             The game lasted 00:02:14 (1554 turns).

zishaf the Gusty (Tengu Air Elementalist)           Turns: 1554, Time: 00:02:14

Health: -1/20      AC:  2    Str:  8    XL:     3   Next: 56%
Magic:  3/7        EV: 12    Int: 17    God:
Gold:   60         SH:  0    Dex: 14    Spells: 3/6 levels left

rFire   . . .      SeeInvis .   h - +3 dagger
rCold   . . .      Faith    .   (no shield)
rNeg    . . .      Spirit   .   a - +0 robe
rPois   .          Reflect  .   (helmet restricted)
rElec   .          Harm     .   (no cloak)
rCorr   .          Rampage  .   (no gloves)
Will    .....                   (boots unavailable)
Stlth   ++........              (no amulet)
HPRegen 0.06/turn               (no ring)
MPRegen 0.10/turn               (no ring)

@: no status effects
A: beak, talons 3
a: no special abilities


You were on level 2 of the Dungeon.
You visited 1 branch of the dungeon, and saw 2 of its levels.

You collected 60 gold pieces.

Inventory:

Hand Weapons
 e - a +0 short sword
 h - a +3 dagger (weapon)
Armour
 a - a +0 robe (worn)
Jewellery
 f - a ring of flight
Scrolls
 g - a scroll of amnesia {unknown}
 i - a scroll of magic mapping {unknown}
Potions
 b - a potion of magic
 c - a potion of flight {unknown}
 d - a potion of brilliance {unknown}
 j - a potion of degeneration {unknown}


   Skills:
 + Level 1.2 Fighting
 - Level 2.3 Dodging
 - Level 2.1 Stealth
 - Level 2.1 Spellcasting
 + Level 2.6 Conjurations
 + Level 4.7 Air Magic


You had 3 spell levels left.
You knew the following spells:

 Your Spells              Type           Power      Damage    Failure   Level
a - Shock                 Conj/Air       56%        1d6       4%          1
b - Static Discharge      Conj/Air       14%        N/A       6%          2

Your spell library contained the following spells:

 Spells                   Type           Power      Damage    Failure   Level
 Swiftness                Air            17%        N/A       9%          3
 Summon Small Mammal      Summ           4%         N/A       19%         1
 Call Canine Familiar     Summ           1%         N/A       50%         3
 Summon Guardian Golem    Hex/Summ       1%         N/A       50%         3
 Airstrike                Air            8%         N/A       28%         4


Dungeon Overview and Level Annotations

Branches:
Dungeon (2/15)

Altars:


Innate Abilities, Weirdness & Mutations

You have a beak for a mouth.
You have claws for feet.


Message History

Aim: a rat (wandering, hasn't noticed you, 71% to hit)
The zap hits the rat.
You kill the rat!
No target in view!
Casting: Shock (safe; 4% risk of failure)
Confirm with . or Enter, or press ? or * to list all spells.
You can't see any susceptible monsters within range! (Use Z to cast anyway.)
A gnoll comes into view. It is wielding a +0 flail.
A gnoll is nearby!
Casting: Shock (safe; 4% risk of failure)
Confirm with . or Enter, or press ? or * to list all spells.
Aiming: Shock (safe; 4% risk of failure)
Press: ? - help, Shift-Dir - straight line, f - gnoll
Aim: a gnoll, wielding a +0 flail (asleep, 100% to hit)
The zap hits the gnoll.
The gnoll is moderately wounded.
The gnoll shouts!
You hear a shout!
A gnoll comes into view. It is wielding a +0 spear.
A gnoll comes into view. It is wielding a +0 whip.
The gnoll attacks as you move away! The gnoll hits you with a +0 flail!
The gnoll attacks as you move away! The gnoll closely misses you.
There is an open door here.
The gnoll attacks as you move away! The gnoll hits you with a +0 flail!
Ouch! That really hurt!
* * * LOW HITPOINT WARNING * * *
Casting: Shock (safe; 4% risk of failure)
Confirm with . or Enter, or press ? or * to list all spells.
Okay, then.
Casting: Shock (safe; 4% risk of failure)
Confirm with . or Enter, or press ? or * to list all spells.
The gnoll is struck by an arc of lightning.
The gnoll is heavily wounded.
The lightning grounds out.
The gnoll shouts!
Casting: Static Discharge (safe; 6% risk of failure)
Confirm with . or Enter, or press ? or * to list all spells.
The gnoll is struck by an arc of lightning.
You kill the gnoll!
You are struck by an arc of lightning.
You die...

(....#. #. #.# ....... #.
#.# .#..... ###.#####
##'## ....... #.......#
##...## ...#.#. .......#
##...>.##.>..... #.#...#
##(......#...#.#.
#.....###....)...........
#.....g.g....@.÷<.÷#.....
#
#.....###................
#. #.#...#
##.......######.#
#..#.##..# ##.....##
#.g).....# ##...##
####g##### ##+## #.# #.#
#.#


You could see 2 gnolls.

Vanquished Creatures
  An adder (D:1)
  2 gnolls (D:2)
  A dart slug (D:2)
  A ball python (D:1)
  A bat (D:1)
  An endoplasm (D:1)
  5 giant cockroaches
  A hobgoblin (D:2)
  2 goblins (D:1)
  3 kobolds (D:1)
  4 rats
22 creatures vanquished.

Notes
Turn   | Place    | Note
-------+----------+-------------------------------------------
     0 | D:1      | zishaf the Tengu Air Elementalist began the quest for the
                  | Orb.
     0 | D:1      | Reached XP level 1. HP: 10/10 MP: 4/4
   411 | D:1      | Reached XP level 2. HP: 15/15 MP: 4/6
   420 | D:1      | Learned a level 2 spell: Static Discharge
   748 | D:1      | Found a faded altar of an unknown god.
  1230 | D:1      | Reached XP level 3. HP: 15/20 MP: 0/7
  1302 | D:2      | Reached skill level 1 in Fighting
  1549 | D:2      | HP: 1/20 [gnoll/+0 flail (10)]
  1554 | D:2      | Killed from afar by themself

Illustrated notes

Levels and vault maps discovered:
D:1:      matt_arrival_los_fun, layout_loops_corners, basic_ecumenical_altar
D:2:      layout_loops_corners, st_stairs_2, uniq_crazy_yiuf_cottage

Skill      XL: |  1  2  3 |
---------------+----------+-----
Conjurations   | 2 |  2.6
Fighting       | 1 |  1.2
Dodging        | |  2.3
Stealth        | |  2.1
Spellcasting   | |  2.1
Air Magic      | |  4.7

Action                   || total
-------------------------++-------
Melee: Short sword       ||     4
       Dagger            ||     4
       Kick              ||     1
 Cast: Shock             ||    38
       Static Discharge  ||     2
 Stab: Sleeping          ||     1
Armor: Robe              ||     6
Dodge: Dodged            ||    18

Table legend: (Time is in decaauts)
 A = Elapsed time spent in this place.
 B = Non-inter-level travel time spent in this place.
 C = Inter-level travel time spent in this place.
 D = Time resting spent in this place.
 E = Time spent auto-exploring this place.
 F = Levels seen in this place.
 G = Mean time per level.
                   A        B        C        D        E       F      G
               +--------+--------+--------+--------+--------+-----+--------+
         Total |   1554 |   1529 |     25 |     58 |   1314 |   2 |  777.0 |
       Dungeon |   1554 |   1529 |     25 |     58 |   1314 |   2 |  777.0 |
               +--------+--------+--------+--------+--------+-----+--------+

Top non-repeatable levels by time:
     D:1: 1287 daAuts
     D:2: 266 daAuts
